 Dungeon Crawl Stone Soup version 0.24.0-13-gcf9b3192b9 (webtiles) character file.

Game seed: 2520912858336840258, levelgen mode: deterministic

11 Iscandelvey the Vexing (level 2, 21/21 HPs)
             Began as a Demonspawn Arcane Marksman on Nov 6, 2019.
             Quit the game on level 1 of the Dungeon.
             The game lasted 00:00:10 (100 turns).

Iscandelvey the Vexing (Demonspawn Arcane Marksman)  Turns: 100, Time: 00:00:10

Health: 21/21      AC:  2    Str: 10    XL:     2   Next: 13%
Magic:  3/3        EV: 12    Int: 14    God:
Gold:   0          SH:  0    Dex: 13    Spells: 2/3 levels left

rFire    . . .     SeeInvis .   a - +0 hunting sling
rCold    . . .     Gourm    .   (no shield)
rNeg     . . .     Faith    .   e - +0 robe
rPois    .         Spirit   .   (helmet restricted)
rElec    .         Reflect  .   (no cloak)
rCorr    .         Harm     .   (no gloves)
MR       .....                  (no boots)
Stlth    +.........             (no amulet)
HPRegen  0.07/turn              (no ring)
MPRegen  0.08/turn              (no ring)

@: no status effects
A: horns 1
a: no special abilities


You were on level 1 of the Dungeon.
You were not hungry.

You visited 1 branch of the dungeon, and saw 1 of its levels.

Inventory:

Hand Weapons
 a - a +0 hunting sling (weapon)
Missiles
 b - 22 stones
 d - 17 sling bullets (quivered)
Armour
 e - a +0 robe (worn)
Comestibles
 f - a ration


   Skills:
 + Level 1.0 Fighting
 + Level 2.0 Slings
 + Level 2.0 Dodging
 + Level 1.0 Spellcasting
 + Level 3.3 Hexes


You had 2 spell levels left.
You knew the following spells:

 Your Spells              Type           Power        Failure   Level  Hunger
a - Corona                Hex            #......      7%          1    ##.....

Your spell library contained the following spells:

 Spells                   Type           Power        Failure   Level  Hunger
 Slow                     Hex            #.......     11%         2    ###....
 Inner Flame              Hex/Fire       #.......     38%         3    ####...
 Portal Projectile        Hex/Tloc       #.....       38%         3    ####...
 Cause Fear               Hex            #.........   56%         4    #####..
 Leda's Liquefaction      Hex/Erth       #.........   80%         4    #####..


Dungeon Overview and Level Annotations

Branches:
Dungeon (1/15)

Altars:


Innate Abilities, Weirdness & Mutations

You have a pair of small horns on your head.


Message History

A dart slug is nearby!
Firing (i - inventory. (/) - cycle)
d - 8 sling bullets (quivered)
Press: ? - help, Shift-Dir - straight line, f/p - dart slug
Aim: a dart slug (almost dead)
You shoot a sling bullet. The sling bullet hits the dart slug.
You kill the dart slug!
d - 9 sling bullets (gained 2)
Things that are here:
a +0 dagger; a +0 club No target in view!
d - 10 sling bullets (gained 1)
d - 11 sling bullets (gained 1)
d - 12 sling bullets (gained 1)
d - 13 sling bullets (gained 1)
d - 14 sling bullets (gained 1)
d - 15 sling bullets (gained 1)
d - 17 sling bullets (gained 2) Key pressed, stopping explore.
No target in view!
Are you sure you want to abandon this character and quit the game? (Confirm with "yes".)

.######†.†##..# ..#
### #.#.##.. #..#
###.###.#.##.# ...
#...#..†.♣#♣.♣##.#
#..#..###..)......#
.. #.## #.♣...♣..##
..##.# #...(....#
.##..# #.♣.♣.♣..#
.#..## #.......@#
...##
#.......$^.....#
..##
#...............
.).##
#..#.....#....#.
.#..###
#..#.....#....#
###...# #.
#.....##..## #
#.<.# ..##### $.# #
#...## ... .##
####...#


There were no monsters in sight!

Vanquished Creatures
  A dart slug (D:1)
  A bat (D:1)
  A giant cockroach (D:1)
  2 goblins (D:1)
  A hobgoblin (D:1)
  2 frilled lizards (D:1)
8 creatures vanquished.

Notes
Turn   | Place    | Note
-------+----------+-------------------------------------------
     0 | D:1      | Iscandelvey the Demonspawn Arcane Marksman began the quest
                  | for the Orb.
     0 | D:1      | Reached XP level 1. HP: 15/15 MP: 2/2
    76 | D:1      | Gained mutation: You have a pair of small horns on your
                  | head. [demonic ancestry]
    76 | D:1      | Reached XP level 2. HP: 21/21 MP: 3/3
   100 | D:1      | Quit the game

Levels and vault maps discovered:
D:1:      dpeg_arrival_round_c, layout_rooms, serial_forest,
          infiniplex_forest_lined_room_, infiniplex_forest_lined_2,
          infiniplex_forest_straight_2, infiniplex_forest_corner_1,
          infiniplex_forest_lined_3_way, infiniplex_forest_zigzag_1,
          infiniplex_forest_lined_1

Skill      XL: |  1 |
---------------+----+-----
Dodging        | 2 |  2.0
Slings         | 2 |  2.0
Fighting       | |  1.0
Spellcasting   | |  1.0
Hexes          | |  3.3

Action                   || total
-------------------------++-------
 Fire: Hunting sling     ||    22
Dodge: Dodged            ||     1
